Unix xNetHack Version 7.1.0 - last build Jul 4 2022 02:09:00 (ec8469f2eb63cac24863ec985b09651f3a72bf9f). Game began 2022-07-04 07:58:35, ended 2022-07-04 08:03:26. Raisse, neutral female gnomish Wizard ----- ---------------- ###-G^.| |..............| ####### |...| |.._...<.......+# ######## |.%.| |..............|#### |...| #...............-# -.--- #-.-----------+--## # ################### # # # ## # # -.- . |...| |. |.|.| |. |. .| |. . .| --- -- -- Raisse the Evoker St:12 Dx:14 Co:13 In:19 Wi:7 Ch:9 Neutral Dlvl:3 $:20 HP:0(11) Pw:9(9) AC:9 Xp:1/18 T:1258 Blind Deaf Latest messages: Poes bites the grid bug. You finish your dressing maneuver. What do you want to adjust? [acdf-kmnp-wC or ?*] v Adjust letter to what [belovx-zABD-Z] (? see used letters)? H Moving: H - an uncursed +0 wooden skull cap (being worn) {9}. You jab the grid bug. Poes bites the grid bug. The grid bug is killed! You swap places with Poes. That door is closed. Your pack shakes violently! $ - 2 gold pieces {0}. You swap places with Poes. Really step onto that magic trap? [yn] (n) y You are momentarily blinded by a flash of light! You hear a deafening roar! You feel an unseen monster! You feel an unseen monster! You can see again. You stop waiting. Really step onto that magic trap? [yn] (n) y You are momentarily blinded by a flash of light! You feel rankled. You can see again. You stop waiting. You see here a gecko corpse. You swap places with Poes. Really step onto that magic trap? [yn] (n) y You smell charred flesh. You see here a gecko corpse. x - a gecko corpse {10}. What do you want to drop? [$acdf-kmnp-uwxCH or ?*] x You drop a gecko corpse {10}. Really step onto that magic trap? [yn] (n) y You are momentarily blinded by a flash of light! You feel rankled. It bites! You stop waiting. You miss it. It scratches you! It bites! It scratches you! You jab it. It scratches you! You try to feel what is lying here on the floor. You feel here a gnome corpse. It pierces you! You die... Do you want your possessions identified? [ynq] (y) y Do you want to see your attributes? [ynq] (y) q Major events: Turn 1: Raisse the neutral female gnomish Wizard entered the dungeon 196: entered the Gnomish Mines 1258: killed by a hobbit Inventory: Inventory: 418/675 weight (20/52 slots) Coins $ - 20 gold pieces {1} Weapons a - a blessed +1 quarterstaff (alternate weapon; not wielded) {40} i - a cursed +0 bone orcish dagger (weapon in hand) {3} n - an uncursed +0 dagger {10} s - an uncursed +0 orcish dagger {10} t - a cursed -1 orcish dagger {10} Armor u - a cursed -2 orcish helm {30} C - an uncursed +0 cloak of magic resistance (being worn) {8} H - an uncursed +0 wooden orcish helm (being worn) {9} Comestibles h - an uncursed tin of smoked kobold meat {10} j - an uncursed cram ration {15} k - 2 uncursed lichen corpses {40} Spellbooks c - a blessed spellbook of force bolt {35} d - a blessed spellbook of magic missile {40} f - an uncursed spellbook of jumping {40} m - an uncursed spellbook of slow monster {35} Potions p - an uncursed potion of full healing {20} q - an uncursed potion of sickness {20} r - an uncursed potion of gain energy {20} w - a cursed potion of sickness {20} Rings g - an uncursed ring of see invisible {3} Raisse the Wizard's attributes: Background: You were an Evoker, a level 1 female gnomish Wizard. You were neutral, on a mission for Thoth who was opposed by Ptah (lawful) and Anhur (chaotic). You were bisexual. You were in the Dungeons of Doom, on level 3. You entered the dungeon 1258 turns ago. You had 18 experience points, 2 more were needed to attain level 2. Basics: You had 0 out of 11 hit points. You had all 9 energy points (spell power). Your armor class was 9. Your wallet contained 20 zorkmids. Autopickup was on for '$!?/"=+' plus thrown, with exceptions. Final Characteristics: Your strength was 12 (limit:18/50). Your dexterity was 14 (limit:18). Your constitution was 13 (limit:18). Your intelligence was 19 (limit:19). Your wisdom was 7 (limit:18). Your charisma was 9 (limit:18). Final Status: You were temporarily blind. You were deaf. You were not hungry. You were unencumbered. You were wielding a dagger. You were unskilled in dagger. Final Attributes: You were stridently aligned. You were magic-protected. You had infravision. You were warded. You are dead. Miscellaneous: You never encountered a bones level. Total elapsed playing time was 4 minutes and 51 seconds. Vanquished creatures: a hobbit a red mold 2 gnome zombies 2 geckos 2 jackals a fox 4 goblins a grid bug 6 lichens 4 newts 24 creatures vanquished. No species were genocided or became extinct. Voluntary challenges: You were illiterate. You never genocided any monsters. You never polymorphed an object. You never changed form. You never touched an artifact. You used no wishes. You never scared an enemy with impunity. You were celibate. You never generated conflict. Achievements: You entered the Gnomish Mines. You entered a shop. The Dungeons of Doom: levels 1 to 3 Level 1: Level 2: A potion shop, an altar to Thoth, a tree. Stairs down to The Gnomish Mines. Level 3: <- You were here. An altar. Final resting place for you, killed by a hobbit. The Gnomish Mines: Level 3: Game over: __________ / \ / REST \ / IN \ / PEACE \ / \ | Raisse | | 20 Au | | killed by a | | hobbit | | | | | | 2022 | *| * * * | * _________)/\\_//(\/(/\)/\//\/|_)_______ Goodbye Raisse the Wizard... You died in The Dungeons of Doom on dungeon level 3 with 190 points, and 20 pieces of gold, after 1258 moves. You were level 1 with a maximum of 11 hit points when you died.